 Dungeon Crawl Stone Soup version 0.25-a0-189-gf71692caf1 (webtiles) character file.

Game seed: 12555096531700765714, levelgen mode: deterministic

7 Gargoyl the Skirmisher (level 1, -1/19 HPs)
             Began as a Centaur Abyssal Knight on Nov 29, 2019.
             Was a Follower of Lugonu.
             Slain by a goblin
             ... wielding a +0 dagger
              (3 damage)
             ... on level 1 of the Dungeon.
             The game lasted 00:02:06 (351 turns).

Gargoyl the Skirmisher (Centaur Abyssal Knight)      Turns: 351, Time: 00:02:06

Health: -1/19      AC:  8    Str: 14    XL:     1   Next: 83%
Magic:  2/2        EV:  5    Int: 11    God:    Lugonu [*.....]
Gold:   109        SH:  7    Dex: 12    Spells: 0/0 levels left

rFire    . . .     SeeInvis .   f - +3 hand crossbow "Suiluv" {penet, rPois Dex+4 Stlth+} (curse)
rCold    . . .     Gourm    .   e - +0 shield
rNeg     . . .     Faith    .   d - +3 ring mail
rPois    +         Spirit   .   (no helmet)
rElec    .         Reflect  .   (no cloak)
rCorr    .         Harm     .   (no gloves)
MR       .....                  (no barding)
Stlth    +.........             (no amulet)
HPRegen  0.06/turn              (no ring)
MPRegen  0.08/turn              (no ring)

@: very quick
A: large, hooves 3, deformed body, speed 2, tough skin 3
a: Depart the Abyss, Renounce Religion


You were on level 1 of the Dungeon.
You worshipped Lugonu.
Lugonu was aware of your devotion.
You were not hungry.

You visited 1 branch of the dungeon, and saw 1 of its levels.
You visited the Abyss 1 time.

You collected 109 gold pieces.

Inventory:

Hand Weapons
 a - a +1 hand axe
 f - the cursed +3 hand crossbow "Suiluv" (weapon) {penet, rPois Dex+4 Stlth+}
   (You found it on level 4 of the Abyss)

   Ammo fired by it will pass through the targets it hits, potentially hitting
   all targets in its path until it reaches maximum range.
   It affects your dexterity (+4).
   It protects you from poison.
   It makes you more stealthy.
   It has a curse placed upon it.
Armour
 d - a +3 ring mail (worn)
 e - a +0 shield (worn)
Wands
 b - a wand of scattershot (5)
Comestibles
 c - a ration


   Skills:
 + Level 3.0 Fighting
 + Level 1.8 Axes
 + Level 1.4 Armour
 + Level 1.1 Dodging
 + Level 0.1 Shields
 + Level 2.1 Invocations


You couldn't memorise any spells.
You didn't know any spells.
Your spell library was empty.

Dungeon Overview and Level Annotations

Branches:
Dungeon (1/15)

Altars:


Innate Abilities, Weirdness & Mutations

You have hooves in place of feet.
Armour fits poorly on your strangely shaped body.
You cover ground very quickly.
You have extremely tough skin. (AC +3)


Message History

The bat hits you but does no damage. You block the bat's attack.
You see here a rat corpse.
You closely miss the bat. You kick the bat.
The bat is moderately wounded.
The bat hits you but does no damage. You block the bat's attack. x2
You clumsily bash the bat but do no damage.
Your kick misses the bat.
The bat is moderately wounded.
The bat hits you but does no damage. You block the bat's attack.
The bat hits you but does no damage. The bat hits you.
* * * LOW HITPOINT WARNING * * *
You closely miss the bat. You kick the bat.
You kill the bat!
Lugonu accepts your kill. You block the bat's attack.
You block the goblin's attack.
You closely miss the goblin. Your kick misses the goblin.
The goblin hits you but does no damage.
You clumsily bash the goblin but do no damage.
The goblin hits you with a +0 dagger.
You die...

####.#....... #...######
#######........
........####### #
######..# ######.
##.##########..###......
........................
#......##########g####.
#@# #.# #g##########.#
#b...†.......#
##############


You could see a goblin and a bat.

Vanquished Creatures
  A dart slug (D:1)
  A kobold (D:1)
  A bat (D:1)
  A goblin (D:1)
  2 rats (D:1)
6 creatures vanquished.

Notes
Turn   | Place    | Note
-------+----------+-------------------------------------------
     0 | Abyss:1  | Gargoyl the Centaur Abyssal Knight began the quest for the
                  | Orb.
     0 | Abyss:1  | Reached XP level 1. HP: 19/19 MP: 2/2
   104 | Abyss:3  | Found a corrupted altar of Lugonu.
   152 | Abyss:3  | Noticed a ynoxinul
   155 | Abyss:3  | Noticed an ancient zyme
   176 | Abyss:4  | Noticed a rakshasa
   185 | Abyss:4  | Got a pitted hand crossbow
   186 | Abyss:4  | Noticed a large abomination
   194 | Abyss:5  | Entered Level 5 of the Abyss
   213 | Abyss:5  | Noticed a blink frog
   239 | Abyss:5  | Noticed a starcursed mass
   239 | D:1      | Escaped the Abyss
   240 | D:1      | Identified the cursed +3 hand crossbow "Suiluv" {penet,
                  | rPois Dex+4 Stlth+} (You found it on level 4 of the Abyss)
   336 | D:1      | Reached skill level 1 in Dodging
   345 | D:1      | Reached * piety under Lugonu
   351 | D:1      | Slain by a goblin

Levels and vault maps discovered:
D:1:      co_arrival_square_in_a_square_in_a_square, layout_loops_ring,
          minivault_19, minmay_tree_intersection, minmay_heptomino_h4

Skill      XL: |  1 |
---------------+----+-----
Dodging        | 1 |  1.1
Fighting       | |  3.0
Axes           | |  1.8
Armour         | |  1.4
Shields        | |  0.1
Invocations    | |  2.1

Action                   || total
-------------------------++-------
Melee: Hand crossbow     ||    52
       Kick              ||    14
Invok: Depart the Abyss  ||     1
  Use: Scroll            ||     1
Armor: Ring mail         ||   144
Dodge: Dodged            ||    54
Block: Shield            ||    88

Table legend:
 A = Non-vault XP
 B = Vault XP
 C = Vault XP percentage of total XP
 D = Non-vault monster count
 E = Vault monster count
 F = Vault count percentage of total count
                 A         B        C        D         E       F
            +---------+---------+-------+---------+---------+-------
      Total |      10 |       0 |   0.0 |       6 |       0 |   0.0
            +---------+---------+-------+---------+---------+-------
        D:1 |      10 |       0 |   0.0 |       6 |       0 |   0.0
            +---------+---------+-------+---------+---------+-------
